Map: Equilibrium LE

Players

SubN - Winner!

  • Race: Zerg Zerg
  • League: Diamond
  • Spawn Location: 11:00

BadSpeling

  • Race: Terran Terran
  • League: Diamond
  • Spawn Location: 1:00

VOD

Have the link to the VOD?

Description

Time

  • Played on: Dec. 26, 2023, 4:46 p.m.
  • Length: 11:03
Show
View Real Time Build Order
Export as new Build Order

SubN Zerg - Winner!

Build Orders: Pool First 

Get SALT Encoding   

  12  0:00  Drone  
  13  0:12  Overlord  
  13  0:18  Drone  
  14  0:30  Drone x2  
  14  0:34  Drone  
  17  0:38  Extractor  
  16  0:45  Drone  
  17  0:51  Spawning Pool  
  16  1:13  Hatchery  
  16  1:18  Drone  
  16  1:21  Drone  
  17  1:28  Overlord  
  17  1:33  Drone  
  18  1:44  Queen  
  20  1:52  Metabolic Boost  
  20  1:55  Zergling x2  
  20  1:59  Zergling x2  
  22  2:02  Zergling x2  
  23  2:14  Zergling x2  
  24  2:25  Queen  
  24  2:28  Drone x2  
  28  2:43  Drone x2  
  30  2:44  Drone  
  30  2:46  Overlord  
  31  3:09  Drone x6  
  31  3:11  Queen  
  39  3:22  Drone x2  
  39  3:26  Hatchery  
  40  3:32  Drone x2  
  42  3:38  Overlord  
  42  3:40  Overlord  
  42  3:43  Drone x2  
  42  3:47  Overlord  
  44  3:57  Drone x4  
  44  3:58  Roach Warren  
  47  4:06  Extractor  
  47  4:08  Drone  
  47  4:09  Drone x4  
  51  4:15  Queen  
  53  4:30  Drone  
  53  4:31  Drone x5  
  59  4:35  Extractor  
  58  4:38  Extractor, Queen  
  58  4:41  Roach x3  
  65  4:47  Lair  
  65  4:51  Pneumatized Carapace  
  65  4:56  Drone  
  66  5:04  Overlord x2  
  66  5:05  Overlord x3  
  66  5:18  Overlord  
  66  5:27  Drone x3  
  66  5:28  Drone x6  
  75  5:34  Queen  
  77  5:37  Roach x3  
  77  5:38  Roach x2  
  87  5:53  Drone x9  
  96  6:03  Baneling Nest  
  95  6:05  Drone  
  95  6:06  Spore Crawler  
  95  6:08  Extractor  
  94  6:11  Roach x3  
  94  6:12  Roach x2  
  94  6:14  Ravager x2  
  94  6:15  Ravager x6  
  112  6:21  Overlord  
  112  6:25  Drone  
  113  6:31  Drone, Infestation Pit  
  113  6:32  Drone  
  114  6:35  Glial Reconstitution  
  114  6:37  Overlord x3, Evolution Chamber x2  
  114  6:38  Overlord x2  
  112  6:55  Drone x3  
  112  6:56  Spore Crawler  
  112  7:00  Extractor  
  115  7:01  Roach  
  115  7:02  Roach x7  
  129  7:11  Zerg Missile Weapons Level 1  
  129  7:12  Zerg Ground Armor Level 1  
  129  7:14  Drone x2  
  131  7:16  Roach  
  133  7:24  Drone  
  133  7:29  Roach x3  
  140  7:31  Roach x4  
  140  7:32  Roach x2  
  119  8:16  Zergling x2  
  119  8:18  Roach x7  
  119  8:19  Roach x10  
  148  8:37  Roach x3  
  148  8:38  Roach  
  139  8:53  Roach  
  139  8:54  Roach x8  
  139  9:05  Hatchery  
  136  9:14  Spore Crawler  
  136  9:15  Spore Crawler x2  
  136  9:16  Spore Crawler  
  121  9:17  Spore Crawler  
  121  9:20  Roach x4, Spore Crawler x2  
  121  9:21  Roach x7  
  132  9:26  Queen x3  
  132  9:27  Hydralisk Den  
  132  9:29  Ravager x4  
  141  9:31  Ravager x3  
  137  9:44  Ravager x3  
  137  9:45  Ravager  
  141  9:48  Ravager  
  139  10:02  Queen  
  134  10:25  Hydralisk x7  
  134  10:26  Hydralisk  
Show
View Real Time Build Order
Export as new Build Order

BadSpeling Terran 

Build Orders:  

Get SALT Encoding   

  12  0:00  SCV  
  13  0:12  SCV  
  14  0:20  Supply Depot  
  14  0:24  SCV  
  16  0:44  Barracks  
  15  0:51  Refinery  
  15  0:52  SCV  
  16  1:04  SCV  
  17  1:16  SCV  
  18  1:29  Command Center, SCV  
  19  1:33  Marine  
  20  1:41  SCV  
  21  1:53  SCV  
  22  1:57  Factory  
  23  2:09  Orbital Command  
  23  2:11  Barracks Reactor  
  22  2:36  Supply Depot  
  22  2:38  SCV  
  23  2:44  Orbital Command  
  23  2:47  Supply Depot  
  23  2:48  Marine  
  23  2:50  SCV  
  25  3:07  SCV  
  25  3:11  SCV  
  28  3:13  Refinery  
  28  3:14  Refinery  
  28  3:19  SCV  
  28  3:24  SCV  
  28  3:27  Cyclone x2  
  31  3:31  SCV  
  31  3:32  Supply Depot  
  34  3:36  SCV  
  34  3:38  Starport  
  35  3:47  SCV  
  36  3:50  SCV  
  37  3:59  SCV  
  37  4:02  SCV  
  39  4:11  SCV  
  39  4:14  SCV  
  39  4:16  Hellion x2  
  45  4:20  Engineering Bay  
  45  4:25  Fusion Core  
  45  4:27  Starport Tech Lab  
  45  4:29  Medivac  
  47  4:34  SCV  
  47  4:35  SCV  
  49  4:45  Supply Depot  
  49  4:46  SCV  
  49  4:47  SCV  
  51  4:53  Hellion x2  
  51  4:58  SCV  
  51  4:59  Starport Tech Lab, SCV  
  57  5:10  SCV  
  57  5:11  SCV  
  59  5:23  Command Center, Supply Depot, SCV  
  60  5:31  Battlecruiser  
  60  5:32  Weapon Refit  
  60  5:35  SCV x2  
  68  5:38  Starport  
  68  5:46  Supply Depot  
  68  5:47  Supply Depot, SCV x2  
  68  5:48  Supply Depot  
  70  5:50  Supply Depot  
  70  5:59  SCV  
  70  6:02  Cyclone x2  
  70  6:03  SCV  
  76  6:11  Refinery  
  76  6:14  Starport Tech Lab  
  76  6:36  Battlecruiser  
  76  6:37  Command Center  
  76  6:58  SCV x2  
  76  7:00  Battlecruiser  
  84  7:25  SCV  
  87  7:40  Battlecruiser  
  61  8:26  Battlecruiser  
  61  8:51  SCV x2  
  42  10:02  Orbital Command  
  29  10:44  Command Center  
  26  10:50  Command Center  
  26  10:57  Command Center  
Tags
 
Add a new tag
Caveats
  • Supply blocks, unpowered buildings, or Contaminate may cause inaccurate times.
  • Supply counts are checked every 10 seconds.